 Dungeon Crawl Stone Soup version 0.27.1-3-gb3d3a73c9e (webtiles) character file.

Game seed: 13360794854249677067

4 jsc133 the Sneak (level 1, -2/14 HPs)
             Began as a Kobold Delver on Oct 22, 2021.
             Slain by a gnoll (5 damage)
             ... on level 8 of the Dungeon on Oct 28, 2021.
             The game lasted 00:03:32 (484 turns).

jsc133 the Sneak (Kobold Delver)                     Turns: 484, Time: 00:03:32

Health: -2/14      AC:  9    Str:  9    XL:     1   Next: 77%
Magic:  1/1        EV:  6    Int: 11    God:
Gold:   18         SH:  0    Dex: 16    Spells: 0/0 levels left

rFire    . . .     SeeInvis .   a - +0 short sword
rCold    + . .     Faith    .   (shield restricted)
rNeg     . . .     Spirit   .   j - +1 chain mail {rC+}
rPois    .         Reflect  .   (no helmet)
rElec    .         Harm     .   (no cloak)
rCorr    .         Rampage  .   (no gloves)
Will     .....                  (no boots)
Stlth    +.........             (no amulet)
HPRegen  0.04/turn              (no ring)
MPRegen  0.07/turn              (no ring)

@: no status effects
A: small, no large weapons, nightstalker 3
a: no special abilities


You were on level 8 of the Dungeon.
You visited 1 branch of the dungeon, and saw 6 of its levels.

You collected 18 gold pieces.

Inventory:

Hand Weapons
 a - a +0 short sword (weapon)
Armour
 b - a +0 leather armour
 j - a +1 chain mail of cold resistance (worn)
Wands
 g - a wand of digging (3)
Scrolls
 c - 2 scrolls of fog
 d - a scroll of magic mapping
 e - a scroll of fear
 h - a scroll of immolation {unknown}
 i - 3 scrolls of identify {unknown}
 l - a scroll of teleportation {unknown}
Potions
 f - a potion of haste
 k - a potion of curing {unknown}


   Skills:
 + Level 3.3 Fighting
 + Level 2.7 Short Blades
 + Level 2.4 Dodging
 + Level 6.9 Stealth


You couldn't memorise any spells.
You didn't know any spells.
Your spell library contained the following spells:

 Spells                   Type           Power      Damage    Failure   Level
 Dispersal                Tloc           0%         N/A       100%        6
 Disjunction              Tloc           0%         N/A       100%        8


Dungeon Overview and Level Annotations

Branches:
Dungeon (8/15)
 Temple: D:4-7         Lair: D:8-11

Altars:
Fedhas
Qazlal

Annotations:
D:4 1 runed translucent door


Innate Abilities, Weirdness & Mutations

You are small and have problems with some larger weapons.
You are completely attuned to the shadows.


Message History

l - a scroll labelled RIOCI EHEL Why would you want to do that?
Why would you want to do that? Why would you want to do that?
Why would you want to do that? Why would you want to do that?
Why would you want to do that? Why would you want to do that?
Why would you want to do that?
You open the door.
Found a stormy altar of Qazlal.
Found 11 gold pieces.
You now have 18 gold pieces (gained 11).
Found a flail.
You see here a +0 flail.
Found a stone staircase leading up.
A white imp comes into view.
The white imp shouts!
A gnoll comes into view. It is wielding a +0 spear.
You hit the white imp.
The white imp is heavily wounded.
The white imp gestures at you. The puff of frost hits you. You resist.
You hit the white imp but do no damage.
The white imp is heavily wounded.
A gnoll comes into view. It is wielding a +0 mace of draining.
The white imp hits you but does no damage.
You hit the white imp but do no damage.
The white imp is heavily wounded.
The white imp hits you but does no damage.
You hit the white imp.
The white imp is heavily wounded.
The gnoll hits you from afar with a +0 spear.
The white imp gestures at you. The puff of frost hits you. You resist.
* * * LOW HITPOINT WARNING * * *
You closely miss the white imp.
The white imp is heavily wounded.
The gnoll hits you from afar with a +0 spear.
You die...

.#........).##.#<...
.....####.#.##.#..#
.#...# #.#.##.#..#
#... #.#.......#
#.#..#.#..#
#.#..###..###
............
....#.......
..g.@.... ...g5####
.#.#.# #.#.# # #.#


You could see 2 gnolls and a white imp.

Vanquished Creatures
  An orc (D:3)
  An endoplasm (D:4)
  A kobold (D:3)
3 creatures vanquished.

Notes
Turn   | Place    | Note
-------+----------+-------------------------------------------
     0 | D:5      | jsc133 the Kobold Delver began the quest for the Orb.
     0 | D:5      | Reached XP level 1. HP: 14/14 MP: 1/1
    66 | D:4      | Found a runed translucent door.
   191 | D:4      | Found a blossoming altar of Fedhas.
   429 | D:8      | Found a stormy altar of Qazlal.
   484 | D:8      | Slain by a gnoll

Illustrated notes

Levels and vault maps discovered:
D:3:      layout_basic, amcnicky_mini_pool_small, hangedman_decor_points
D:4:      layout_cave_pods, mainiacjoe_overflow_paths,
          okawaru_altar_gauntlet_db, makhleb_heckhound_becter,
          hellmonk_ghost_happy_afterlife, minmay_misc_feat_square
D:5:      layout_basic, nicolae_ossuary_entry_catacombs, grunt_ministairs_15,
          uniq_blork_the_orc
D:6:      layout_basic, temple_pool_b, kennysheep_generic_room_14
D:7:      layout_cave_pods, mainiacjoe_overflow_boulevard, uniq_harold,
          uniq_menkaure
D:8:      layout_basic, nicolae_qazlal_general_emergency,
          nicolae_ru_great_annihilating_truth, kennysheep_small_spiral

Action                   || total
-------------------------++-------
Melee: Short sword       ||    11
 Stab: Sleeping          ||     2
Armor: Chain mail        ||     2
Dodge: Dodged            ||     2
